 Dungeon Crawl Stone Soup version 0.28.0-53-g5a82cb258f (webtiles) character file.

Game seed: 13565611560066160943

60 nickcage the Digger (level 3, 0/19 HPs)
             Began as a Deep Elf Earth Elementalist on May 20, 2022.
             Slain by a bullfrog (4 damage)
             ... on level 4 of the Dungeon.
             The game lasted 00:05:14 (1890 turns).

nickcage the Digger (Deep Elf Earth Elementalist)   Turns: 1890, Time: 00:05:15

Health: 0/19       AC:  2    Str:  5    XL:     3   Next: 82%
Magic:  1/9        EV: 12    Int: 21    God:
Gold:   25         SH:  0    Dex: 15    Spells: 2/8 levels left

rFire   . . .      SeeInvis .   a - +0 dagger
rCold   . . .      Faith    .   (no shield)
rNeg    . . .      Spirit   .   b - +0 robe
rPois   .          Reflect  .   (no helmet)
rElec   .          Harm     .   (no cloak)
rCorr   .          Rampage  .   (no gloves)
Will    .....                   (no boots)
Stlth   ++........              (no amulet)
HPRegen 0.06/turn               (no ring)
MPRegen 0.11/turn               (no ring)

@: very slightly contaminated
A: no striking features
a: no special abilities


You were on level 4 of the Dungeon.
You visited 1 branch of the dungeon, and saw 3 of its levels.

You collected 25 gold pieces.

Inventory:

Hand Weapons
 a - a +0 dagger (weapon)
Missiles
 g - 3 stones
Armour
 b - a +0 robe (worn)
Scrolls
 c - a scroll of teleportation {unknown}
 d - 2 scrolls of noise {unknown}
 e - 2 scrolls of identify {unknown}
Potions
 f - 2 potions of curing {unknown}


   Skills:
 - Level 2.4 Dodging
 - Level 2.4 Stealth
 - Level 3.0 Spellcasting
 * Level 2.2 Transmutations
 + Level 4.8 Earth Magic


You had 2 spell levels left.
You knew the following spells:

 Your Spells              Type           Power      Damage    Failure   Level
a - Sandblast             Erth           46%        2d11      1%          1
b - Passwall              Tmut/Erth      15%        N/A       4%          2
c - Stone Arrow           Conj/Erth      26%        3d8       14%         3

Your spell library contained the following spells:

 Spells                   Type           Power      Damage    Failure   Level
 Petrify                  Tmut/Erth      18%        N/A       30%         4
 Metabolic Englaciation   Hex/Ice        1%         N/A       98%         5
 Statue Form              Tmut/Erth      12%        N/A       99%         6


Dungeon Overview and Level Annotations

Branches:
Dungeon (2/15)

Altars:

Annotations:
D:4 Edmund


Message History

The hobgoblin is moderately wounded.
The hobgoblin barely misses you.
You completely miss the hobgoblin.
The hobgoblin is moderately wounded.
The hobgoblin hits you.
You hit the hobgoblin. Your punch misses the hobgoblin.
The hobgoblin is almost dead.
The hobgoblin barely misses you.
You hit the hobgoblin.
You kill the hobgoblin!
A giant cockroach comes into view.
The spell is extremely dangerous to miscast (16% risk of failure)!
Continue anyway?
The stone arrow hits the giant cockroach!
You kill the giant cockroach!
A sourceless malevolence fills the Dungeon...
You fall into a shaft and drop 2 floors!
The shaft crumbles and collapses.
Edmund the Younger comes into view.
He is wielding a +1 flail of protection.
You open the door.
There is an open door here.
An endoplasm comes into view.
The endoplasm quivers.
The spell is extremely dangerous to miscast (16% risk of failure)!
Continue anyway?
The stone arrow hits the endoplasm!
You kill the endoplasm!
A bullfrog comes into view.
The bullfrog gives a loud, deep croak!
The spell is extremely dangerous to miscast (14% risk of failure)!
Continue anyway?
You miscast Stone Arrow.
You are very lightly contaminated with residual magic.
Nothing appears to happen.
The spell is extremely dangerous to miscast (14% risk of failure)!
Continue anyway?
The stone arrow misses the bullfrog.
The bullfrog hits you.
You don't have enough magic to cast this spell.
A bullfrog is nearby!
You closely miss the bullfrog. The bullfrog hits you!
You closely miss the bullfrog. The bullfrog hits you.
* * * LOW HITPOINT WARNING * * *
The bullfrog hits you.
You die...

######### #.......#
#.......# #.......#
#.......#
#######@......########
#.....F######........#
#......#....#........#
#......#....#........+
#......+....#........#
#......#....#####....#
#......#........'....#
#......##...##..#.......
........#...##..##+##...


You could see a bullfrog.

Vanquished Creatures
  Terence (D:2)
  5 endoplasms
  3 giant cockroaches
  4 goblins
  3 hobgoblins
  2 jackals (D:1)
  A quokka (D:2)
  2 ball pythons
  2 bats
  3 frilled lizards (D:1)
  3 kobolds
  4 rats
33 creatures vanquished.

Vanquished Creatures (others)
  8 plants (D:2)
8 creatures vanquished.

Grand Total: 41 creatures vanquished

Notes
Turn   | Place    | Note
-------+----------+-------------------------------------------
     0 | D:1      | nickcage the Deep Elf Earth Elementalist began the quest
                  | for the Orb.
     0 | D:1      | Reached XP level 1. HP: 10/10 MP: 6/6
   282 | D:1      | Reached XP level 2. HP: 15/15 MP: 5/8
   288 | D:1      | Learned a level 2 spell: Passwall
   459 | D:1      | Reached skill level 4 in Earth Magic
   796 | D:1      | Found a faded altar of an unknown god.
   935 | D:2      | Noticed Terence
   944 | D:2      | Killed Terence
   945 | D:2      | Reached XP level 3. HP: 4/19 MP: 0/9
  1235 | D:1      | Learned a level 3 spell: Stone Arrow
  1849 | D:2      | You fall into a shaft and drop 2 floors!
  1857 | D:4      | Noticed Edmund
  1884 | D:4      | Noticed a bullfrog
  1890 | D:4      | Slain by a bullfrog

Illustrated notes

Levels and vault maps discovered:
D:1:      psy_arrival_fountain, layout_basic,
          dreamdust_ecumenical_altar_hidden_monk_grotto,
          hangedman_feature_mirror
D:2:      layout_loops_ring, chequers_serial_rivers_room_b, minivault_27,
          serial_bayou_lagoon_a, uniq_terence
D:4:      layout_gridville, mrwooster_statue_mirror, uniq_edmund, uniq_menkaure

Skill      XL: |  1  2 |
---------------+-------+-----
Earth Magic    | 4 |  4.8
Transmutations | 2 |  2.2
Dodging        | |  2.4
Stealth        | |  2.4
Spellcasting   | |  3.0

Action                   || total
-------------------------++-------
Melee: Dagger            ||    87
 Cast: Sandblast         ||    30
       Stone Arrow       ||     9
 Stab: Sleeping          ||     1
Armor: Robe              ||    30
Dodge: Dodged            ||    55
